 Dungeon Crawl Stone Soup version 0.30-a0-862-g1aabd4f9c5 (webtiles) character file.

Game seed: 4095696962738248569

4148 cheesebisquit the Geomancer (level 10, -1/64 HPs)
             Began as a Gargoyle Earth Elementalist on Mar 8, 2023.
             Slain by Grum
             ... wielding a +0 glaive of flaming
              (3 damage)
             ... on level 8 of the Dungeon on Mar 9, 2023.
             The game lasted 00:25:10 (7571 turns).

cheesebisquit the Geomancer (GrEE)                  Turns: 7571, Time: 00:25:11

Health: -1/64      AC: 12    Str: 12    XL:     10   Next: 27%
Magic:  14/20      EV: 11    Int: 20    God:
Gold:   481        SH:  5    Dex: 10    Spells: 19/23 levels left

rFire   . . .      SeeInvis .    I - +0 morningstar
rCold   . . .      Faith    .    s - +0 buckler
rNeg    + . .      Spirit   .    a - +0 robe
rPois   ∞          Reflect  .    n - +1 helmet
rElec   +          Rampage  .    b - +0 cloak
rCorr   .                        (no gloves)
Will    .....                    (no boots)
Stlth   ++                       (no amulet)
HPRegen 0.30/turn                (no ring)
MPRegen 0.17/turn                (no ring)

@: invisible
A: sickness immunity, AC +7, negative energy resistance 1, electricity
resistance, torment resistance 1, petrification resistance
a: no special abilities


You were on level 8 of the Dungeon.
You visited 1 branch of the dungeon, and saw 8 of its levels.

You collected 541 gold pieces.
You spent 60 gold pieces at shops.

Inventory:

Hand Weapons
 I - a +0 morningstar (weapon)
Missiles
 c - 2 atropa-tipped darts
 q - 6 poisoned darts
 C - 3 boomerangs
 E - 2 throwing nets
Armour
 a - a +0 robe (worn)
 b - a +0 cloak (worn)
 n - a +1 helmet (worn)
 s - a +0 buckler (worn)
Wands
 u - a wand of flame (39)
 F - a wand of charming (19)
Scrolls
 d - a scroll of immolation {unknown}
 e - 2 scrolls of magic mapping
 f - 3 scrolls of fear
 g - a scroll of torment {unknown}
 i - 3 scrolls of poison
 j - a scroll of blinking {unknown}
 k - a scroll of silence {unknown}
 m - 2 scrolls of teleportation
 p - a scroll of vulnerability {unknown}
 r - a scroll of noise {unknown}
 v - a scroll of fog {unknown}
 x - a scroll of enchant weapon {unknown}
 y - a scroll of enchant armour {unknown}
 D - a scroll of amnesia {unknown}
 H - a scroll of brand weapon {unknown}
Potions
 h - 6 potions of degeneration
 l - 2 potions of brilliance
 o - 3 potions of heal wounds
 t - a potion of flight
 w - 2 potions of curing
 A - a potion of mutation
 B - a potion of berserk rage
 G - a potion of ambrosia {unknown}


   Skills:
 + Level 8.1 Fighting
 - Level 1.5 Dodging
 - Level 2.1 Stealth
 + Level 7.2 Shields
 + Level 7.2 Spellcasting
 - Level 0.7 Transmutations
 + Level 9.7 Earth Magic


You had 19 spell levels left.
You knew the following spells:

 Your Spells              Type           Power      Damage    Failure   Level
a - Sandblast             Erth           92%        2d19      1%          1
b - Stone Arrow           Conj/Erth      52%        3d10      4%          3

Your spell library contained the following spells:

 Spells                   Type           Power      Damage    Failure   Level
 Passwall                 Tmut/Erth      23%        N/A       1%          2
 Apportation              Tloc           14%        N/A       12%         1
 Necrotise                Necr           28%        1d5       12%         1
 Summon Small Mammal      Summ           28%        N/A       12%         1
 Petrify                  Tmut/Erth      28%        N/A       13%         4
 Dazzling Flash           Conj/Hex       14%        N/A       34%         3
 Iskenderun's Mystic Bla  Conj/Tloc      7%         2d4       75%         4
 Starburst                Conj/Fire      3%         6d3       100%        6


Dungeon Overview and Level Annotations

Branches:
Dungeon (8/15)             Temple (0/1) D:7
   Lair: D:8-11

Altars:
Cheibriados
Elyvilon
Fedhas
Hepliaklqana
Makhleb
Ru
Sif Muna
Yredelemnul
The Shining One

Shops:
D:1 ?

Annotations:
D:8 Grum


Innate Abilities, Weirdness & Mutations

You are immune to sickness and miasma.
Your stone body is resilient. (AC +7)
You are immune to poison.
You resist negative energy. (rN+)
You are resistant to electric shocks. (rElec)
You are resistant to unholy torment.
You are immune to petrification.


Message History

* * * LOW HITPOINT WARNING * * *
The wolf closely misses you.
You feel much better. The wolf closely misses you. Grum closely misses you.
You feel much better. The wolf bites you but does no damage.
The wolf bites you. Grum closely misses you.
The blast of sand hits the wolf!
The wolf is almost dead.
The wolf barely misses you. The wolf closely misses you.
Grum barely misses you. The wolf bites you but does no damage.
The blast of sand hits the wolf!!
You kill the wolf!
Grum misses you.
Grum sniffs the air and quickly glances around.
Grum hits you from afar with a +0 glaive of flaming.
Grum burns you.
The blast of sand misses Grum.
Grum glances around and shouts, "Spike!
Here boy!"
Grum barely misses you.
The blast of sand hits Grum.
Grum is lightly wounded.
Grum closely misses you.
Grum hits you from afar with a +0 glaive of flaming!!
Grum burns you!
You are too injured to fight recklessly!
Grum is nearby!
You feel much better. Grum closely misses you.
The blast of sand misses Grum.
Grum snarls, "I'll squash you like a puppy."
Grum hits you from afar with a +0 glaive of flaming!
Grum burns you.
The blast of sand hits Grum.
Grum is lightly wounded.
Grum closely misses you.
Grum hits you from afar with a +0 glaive of flaming!
Grum burns you.
You fade into invisibility!
Grum hits you from afar with a +0 glaive of flaming!!
* * * LOW HITPOINT WARNING * * *
Grum burns you.
You die...

# #.... ####### #.#.... #. #
#...... .......## #...#
#...... #.......# #)..#
#...... .#....†### ##.##
#.....) ..........#
##...#####......
....####.g###.....##...))...
#.. ##..#.......#.######. #
#..@..._.....# #. #.#
#..#.......### #. . #<#
###..##.....### #. .. #.#
#.#.#.##...##.# #. #. #.#
###.#.#.###.##..# ##
...##.###.#...#.##......#
............#.........###
#..##.#.#####.........# #
#..## #.........#


You could see Grum (unable to see you).

Vanquished Creatures
  Pikel (D:8)
  Joseph (D:8)
  A kobold demonologist (D:7)
  Grinder (D:6)
  Sigmund (D:5)
  A wyvern (D:7)
  Edmund (D:6)
  A water moccasin (D:6)
  An orc warrior (D:8)
  2 sky beasts
  2 ogres (D:6)
  4 wolves (D:8)
  A bullfrog (D:8)
  A necrophage (D:5)
  2 scorpions
  8 wights
  A howler monkey (D:5)
  5 orc priests
  4 hounds
  3 iguanas
  A jelly (D:7)
  Crazy Yiuf (D:6)
  Ijyb (D:5)
  11 orc wizards
  A hound skeleton (D:5)
  8 gnolls
  4 adders
  2 shadow imps
  2 white imps (D:6)
  A worm (D:3)
  4 dart slugs
  23 orcs
  6 ball pythons
  5 endoplasms (D:1)
  3 giant cockroaches
  7 goblins
  6 hobgoblins
  3 jackals (D:1)
  10 kobolds
  2 quokkas
  9 bats
  2 frilled lizards (D:3)
  6 rats
160 creatures vanquished.

Vanquished Creatures (others)
  A fungus (D:7)
  A plant (D:1)
2 creatures vanquished.

Grand Total: 162 creatures vanquished

Notes
Turn   | Place    | Note
-------+----------+-------------------------------------------
     0 | D:1      | cheesebisquit the Gargoyle Earth Elementalist began the
                  | quest for the Orb.
     0 | D:1      | Reached XP level 1. HP: 10/10 MP: 3/3
    11 | D:1      | Found a faded altar of an unknown god.
   107 | D:1      | Reached XP level 2. HP: 16/16 MP: 1/5
   204 | D:1      | Reached skill level 1 in Fighting
   262 | D:1      | Reached skill level 4 in Earth Magic
   506 | D:1      | Reached XP level 3. HP: 20/20 MP: 4/6
   748 | D:1      | Found Ygibluta's Magic Scroll Shop.
   797 | D:1      | Bought a scroll of teleportation for 36 gold pieces
   797 | D:1      | Bought a scroll of identify for 24 gold pieces
  1424 | D:2      | Reached XP level 4. HP: 26/26 MP: 5/8
  1492 | D:2      | Noticed a scorpion
  1493 | D:2      | Found a white marble altar of Elyvilon.
  1502 | D:2      | Killed a scorpion
  1503 | D:2      | Reached XP level 5. HP: 20/31 MP: 2/9
  2059 | D:3      | Reached skill level 5 in Earth Magic
  2315 | D:3      | Found a blossoming altar of Fedhas.
  2404 | D:3      | Reached XP level 6. HP: 22/37 MP: 5/11
  2930 | D:4      | Learned a level 3 spell: Stone Arrow
  3295 | D:4      | Found a sacrificial altar of Ru.
  3335 | D:4      | Found a hazy altar of Hepliaklqana.
  3339 | D:4      | Found a white marble altar of Elyvilon.
  3496 | D:5      | Entered Level 5 of the Dungeon
  3522 | D:5      | Reached skill level 1 in Shields
  3600 | D:5      | Found a burning altar of Makhleb.
  3607 | D:5      | Reached XP level 7. HP: 43/43 MP: 6/13
  3870 | D:5      | Reached skill level 6 in Earth Magic
  4086 | D:5      | Noticed Sigmund
  4093 | D:5      | Killed Sigmund
  4228 | D:5      | Found a basalt altar of Yredelemnul.
  4536 | D:5      | Noticed Ijyb
  4545 | D:5      | Killed Ijyb
  4772 | D:6      | Noticed Grinder
  4823 | D:6      | Reached XP level 8. HP: 48/48 MP: 9/15
  4921 | D:6      | Noticed Edmund
  4933 | D:6      | Killed Edmund
  4934 | D:6      | Reached skill level 5 in Fighting
  5076 | D:6      | Reached skill level 5 in Spellcasting
  5076 | D:6      | Reached skill level 7 in Earth Magic
  5166 | D:6      | Killed Grinder
  5603 | D:6      | Found a runed translucent door.
  5604 | D:6      | Noticed Crazy Yiuf
  6033 | D:6      | Killed Crazy Yiuf
  6109 | D:7      | Noticed a kobold demonologist
  6119 | D:7      | Killed a kobold demonologist
  6120 | D:7      | Reached skill level 5 in Shields
  6120 | D:7      | Reached skill level 8 in Earth Magic
  6120 | D:7      | Reached XP level 9. HP: 56/56 MP: 12/17
  6418 | D:7      | You fall into a shaft and drop 1 floor!
  6463 | D:8      | Noticed Pikel
  6475 | D:8      | Killed Pikel
  6597 | D:8      | Found a snail-covered altar of Cheibriados.
  6786 | D:7      | Reached skill level 9 in Earth Magic
  6921 | D:7      | Found a staircase to the Ecumenical Temple.
  6938 | D:7      | Reached XP level 10. HP: 45/63 MP: 9/20
  7048 | D:7      | Found a shimmering blue altar of Sif Muna.
  7199 | D:7      | Found a glowing golden altar of the Shining One.
  7435 | D:8      | Noticed Grum
  7436 | D:8      | Noticed Joseph
  7450 | D:8      | Killed Joseph
  7571 | D:8      | HP: 2/64 [Grum/+0 glaive of flaming (24)]
  7571 | D:8      | Slain by Grum

Illustrated notes

Levels and vault maps discovered:
D:1:      doesnt_arrival_eight_statues, layout_basic,
          nicolae_ecumenical_snake_handling, serial_shops, shop_coins,
          nicolae_concentric_dashed_squares_mild, serial_bayou_lagoon_b
D:2:      layout_basic, basic_altar, kennysheep_generic_room_4
D:3:      layout_basic, mainiacjoe_overflow_concentric_impassable,
          lightli_corner_chamber
D:4:      layout_cave_pools, grunt_temple_overflow_open, kennysheep_dice
D:5:      layout_loops_corners, makhleb_blood_cavern_becter,
          kennysheep_mini_moat, uniq_sigmund, uniq_ijyb
D:6:      layout_basic, uniq_grinder, uniq_crazy_yiuf_cottage, uniq_edmund
D:7:      layout_rooms, nicolae_overflow_crystal_walls,
          nicolae_tso_swordbearing_angel, minmay_temple_entry_grid,
          corexii_checkpoint_b, minmay_misc_feat_encased, dreamdust_gnoll_farm
D:8:      layout_basic, lemuel_round_altar, uniq_grum, uniq_joseph, uniq_pikel

Skill      XL: |  1  2  3  4  5  6  7  8  9 10 |
---------------+-------------------------------+-----
Fighting       | 1 2 3 4 6 7 8 |  8.1
Earth Magic    | 4 5 6 8 9 |  9.7
Spellcasting   | 3 4 5 6 7 |  7.2
Shields        | 1 3 5 6 7 |  7.2
Dodging        | |  1.5
Stealth        | |  2.1
Transmutations | |  0.7

Action                     |  1- 3 |  4- 6 |  7- 9 | 10-12 || total
---------------------------+-------+-------+-------+-------++-------
  Melee: Unarmed           |    14 |       |       |       ||    14
         Punch             |     1 |       |       |       ||     1
         Mace              |     6 |     2 |       |       ||     8
         Morningstar       |       |       |       |     4 ||     4
   Cast: Sandblast         |    53 |    74 |   167 |    50 ||   344
    Use: Scroll            |       |     6 |     6 |       ||    12
         Potion            |       |     3 |     5 |     4 ||    12
 Armour: Robe              |    10 |    16 |    46 |    18 ||    90
  Dodge: Dodged            |    20 |    16 |    44 |    26 ||   106
  Block: Buckler           |       |     1 |    21 |    19 ||    41

Table legend: (Time is in decaauts)
 A = Elapsed time spent in this place.
 B = Non-inter-level travel time spent in this place.
 C = Inter-level travel time spent in this place.
 D = Time resting spent in this place.
 E = Time spent auto-exploring this place.
 F = Levels seen in this place.
 G = Mean time per level.
                   A        B        C        D        E       F      G
               +--------+--------+--------+--------+--------+-----+--------+
         Total |   7759 |   7472 |    287 |      0 |   6293 |   8 |  969.9 |
       Dungeon |   7759 |   7472 |    287 |      0 |   6293 |   8 |  969.9 |
               +--------+--------+--------+--------+--------+-----+--------+

Top non-repeatable levels by time:
     D:6: 1417 daAuts
     D:1: 1307 daAuts
     D:5: 1195 daAuts
     D:3: 1002 daAuts
     D:7: 938 daAuts
     D:2: 684 daAuts
     D:4: 620 daAuts
     D:8: 592 daAuts
